 Dungeon Crawl Stone Soup version 0.28.0-1-gb440e238dd (webtiles) character file.

Game seed: 6426855645583549046

35 issech the Cudgeller (level 3, -6/36 HPs)
             Began as a Troll Monk on Feb 25, 2022.
             Succumbed to a scorpion's poison
             ... on level 4 of the Dungeon.
             The game lasted 00:02:44 (889 turns).

issech the Cudgeller (Troll Monk)                    Turns: 889, Time: 00:02:45

Health: -6/36      AC:  4    Str: 19    XL:     3   Next: 17%
Magic:  2/2        EV: 10    Int:  6    God:
Gold:   66         SH:  0    Dex: 14    Spells: 2/2 levels left

rFire   + . .      SeeInvis .   a - +0 mace
rCold   . . .      Faith    .   (no shield)
rNeg    + . .      Spirit   .   b - +0 robe
rPois   .          Reflect  .   (helmet restricted)
rElec   .          Harm     .   (no cloak)
rCorr   .          Rampage  .   (gloves unavailable)
Will    .....                   (boots unavailable)
Stlth   ++........              l - amulet of regeneration
HPRegen 1.72/turn               d - ring of protection from fire
MPRegen 0.08/turn               h - ring of positive energy

@: lethally poisoned (-6 -> -24)
A: large, unfitting armour, claws 3, regeneration 1, shaggy fur 1, tough skin 1
a: no special abilities


You were on level 4 of the Dungeon.
You visited 1 branch of the dungeon, and saw 3 of its levels.

You collected 66 gold pieces.

Inventory:

Hand Weapons
 a - a +0 mace (weapon)
Missiles
 e - 59 stones (quivered)
 k - 26 arrows
Armour
 b - a +0 robe (worn)
Jewellery
 d - a ring of protection from fire (left claw)
 h - a ring of positive energy (right claw)
 l - an amulet of regeneration (around neck)
 m - a ring of magical power
Scrolls
 g - 2 scrolls of identify {unknown}
 j - a scroll of teleportation {unknown}
 n - a scroll of noise {unknown}
Potions
 c - a potion of mutation {unknown}
 f - a potion of attraction {unknown}
 i - a potion of curing {unknown}


   Skills:
 + Level 2.8 Fighting
 + Level 3.3 Maces & Flails
 + Level 2.6 Dodging
 + Level 1.1 Stealth


You had 2 spell levels left.
You didn't know any spells.
Your spell library was empty.

Dungeon Overview and Level Annotations

Branches:
Dungeon (2/15)

Altars:


Innate Abilities, Weirdness & Mutations

You are too large for most types of armour.
You have claws for hands.
Your natural rate of healing is unusually fast.
You are covered in fur. (AC +1)
You have tough skin. (AC +1)


Message History

You kill the kobold!
The scorpion stings you.
Things that are here:
a +0 whip; a kobold corpse You hit the scorpion.
The scorpion is lightly wounded.
The scorpion barely misses you.
You hit the scorpion.
The scorpion is moderately wounded.
The scorpion barely misses you. The scorpion completely misses you.
You closely miss the scorpion.
The scorpion is moderately wounded.
The scorpion barely misses you.
You hit the scorpion.
The scorpion is moderately wounded.
The scorpion stings you! The scorpion stings you.
You hit the scorpion.
The scorpion is severely wounded.
The scorpion closely misses you.
You hit the scorpion but do no damage. Your claw misses the scorpion.
The scorpion is severely wounded.
The scorpion stings you!
You are poisoned.
The scorpion poisons you! The scorpion stings you.
You completely miss the scorpion.
The scorpion is severely wounded.
You feel very sick. The scorpion stings you.
* * * LOW HITPOINT WARNING * * *
You hit the scorpion but do no damage.
The scorpion is severely wounded.
You feel very sick. The scorpion stings you.
* * * LOW HITPOINT WARNING * * *
You are lethally poisoned!
The scorpion poisons you! The scorpion stings you.
* * * LOW HITPOINT WARNING * * *
You are more poisoned.
The scorpion poisons you!
You die...

#....^#
#######.....#
............#
............#
..........#
#........#
#.#...s.#[.#
#.....)....#####
#.....?@.......#
#.########.###.#
.##.# ###.##)#
#....#.#
#....#.#
######....#.#
..........#.#
######...>#.#


You could see a scorpion.

Vanquished Creatures
  A dart slug (D:2)
  3 ball pythons (D:1)
  A bat (D:1)
  2 endoplasms (D:1)
  2 giant cockroaches
  2 goblins
  3 hobgoblins (D:1)
  2 jackals (D:1)
  4 quokkas
  A frilled lizard (D:1)
  4 kobolds
  3 rats (D:1)
28 creatures vanquished.

Notes
Turn   | Place    | Note
-------+----------+-------------------------------------------
     0 | D:1      | issech the Troll Monk began the quest for the Orb.
     0 | D:1      | Reached XP level 1. HP: 22/22 MP: 0/0
    93 | D:1      | Reached skill level 3 in Maces & Flails
   178 | D:1      | Reached XP level 2. HP: 29/29 MP: 1/1
   740 | D:2      | Reached XP level 3. HP: 36/36 MP: 2/2
   848 | D:2      | You fall into a shaft and drop 2 floors!
   876 | D:4      | Noticed a scorpion
   888 | D:4      | HP: 1/36 [scorpion (4)]
   889 | D:4      | Succumbed to a scorpion's poison

Illustrated notes

Levels and vault maps discovered:
D:1:      mrwooster_arrival_statue, layout_basic
D:2:      layout_loops_ring, hellmonk_ecumenical_altar_heavens_door
D:4:      layout_basic, worldfamousw_hep_ancestral_shrine, st_stairs_1

Skill      XL: |  1 |
---------------+----+-----
Maces & Flails | 3 |  3.3
Fighting       | |  2.8
Dodging        | |  2.6
Stealth        | |  1.1

Action                   || total
-------------------------++-------
Melee: Mace              ||   100
 Stab: Sleeping          ||     6
Armor: Robe              ||    26
Dodge: Dodged            ||    72
